 Dungeon Crawl Stone Soup version 0.24-a0-446-g87df7205b4 (webtiles) character file.

Game seed: 5769579994850333043

176 LabCoat the Chopper (level 5, -1/46 HPs)
             Began as a Hill Orc Fighter on June 23, 2019.
             Killed from afar by a white imp (2 damage)
             ... with a puff of frost
             ... summoned by Natasha
             ... on level 2 of the Dungeon.
             The game lasted 00:12:22 (2163 turns).

LabCoat the Chopper (Hill Orc Fighter)              Turns: 2163, Time: 00:12:24

Health: -1/46      AC:  9    Str: 24    XL:     5   Next: 56%
Magic:  5/5        EV:  7    Int:  8    God:
Gold:   84         SH: 10    Dex: 11    Spells: 4/4 levels left

rFire    . . .     SeeInvis .   a - +1 war axe
rCold    . . .     Gourm    .   c - +0 shield
rNeg     . . .     Faith    .   b - +0 scale mail
rPois    .         Spirit   .   s - +1 helmet
rElec    .         Reflect  .   (no cloak)
rCorr    .         Harm     .   (no gloves)
MR       .....                  (no boots)
Stlth    ..........             (no amulet)
HPRegen  0.15/turn              (no ring)
MPRegen  0.09/turn              (no ring)

@: mighty
A: no striking features
a: no special abilities


You were on level 2 of the Dungeon.
You were not hungry.

You visited 1 branch of the dungeon, and saw 2 of its levels.

You collected 84 gold pieces.

Inventory:

Hand Weapons
 a - a +1 war axe (weapon)
 j - a +0 flail
 r - a +2 whip of venom
Missiles
 e - 13 poisoned darts (quivered)
 l - 8 javelins
Armour
 b - a +0 scale mail (worn)
 c - a +0 shield (worn)
 i - a +1 cloak of magic resistance
 s - a +1 helmet (worn)
Scrolls
 k - a scroll of enchant weapon
 n - 2 scrolls of teleportation {unknown}
 q - a scroll of remove curse {unknown}
Potions
 d - 2 potions of might
 h - a potion of curing {unknown}
 m - a potion of lignification {unknown}
 o - a potion of agility {unknown}
 p - a potion of mutation {unknown}
 t - a potion of heal wounds {unknown}
Comestibles
 f - 6 rations
 g - 7 chunks of flesh


   Skills:
 + Level 4.1 Fighting
 * Level 5.5 Axes
 + Level 1.4 Throwing
 + Level 3.7 Armour
 + Level 4.0 Shields


You had 4 spell levels left.
You didn't know any spells.
Your spell library was empty.

Dungeon Overview and Level Annotations

Branches:
Dungeon (2/15)

Altars:
Okawaru

Annotations:
D:2 Natasha


Message History

Natasha claws you.
You slash Natasha!
Natasha is severely wounded.
You closely miss the white imp. The white imp hits you.
The white imp freezes you. Natasha claws you.
* * * LOW HITPOINT WARNING * * *
The white imp gestures at you. The puff of frost hits you.
* * * LOW HITPOINT WARNING * * *
You closely miss Natasha.
Natasha is severely wounded.
You completely miss the white imp. Natasha claws you but does no damage.
The white imp barely misses you.
You barely miss Natasha.
Natasha is severely wounded.
You slash the white imp! Natasha claws you!
* * * LOW HITPOINT WARNING * * *
The white imp gestures at you. The puff of frost hits you.
You die...

#.#.#.#..#.....#..##
#.....#..#####....##
#.....#......#.#....
#.....##.....#.#####
#.....#.............
#.....#......#.#####
#.#.#.#......#.#
#.h5..#......#.# #
###########@###......#.# #
#.............#..###.#.#####
#.#########.#.#......#......
#.#.........#.##.###########
#.#.###.....#.##.#..........
#.#.# #.###.#.##.#.##.######
#.#.# #.#..<#.##.#.##.######
#รท#.#
#.#.#.#.##.#.....#..[# #.#.#
#.#.#.#.##...#.....#..


You could see Natasha and a white imp.

Vanquished Creatures
  Jessica (D:2)
  Natasha (D:2)
  Robin (D:2)
  A gnoll (D:1)
  3 adders (D:2)
  2 oozes
  2 worms (D:2)
  A dart slug (D:1)
  A leopard gecko (D:1)
  A ball python (D:1)
  4 giant cockroaches
  12 goblins
  10 hobgoblins
  5 kobolds
  6 bats (D:2)
  4 frilled lizards
  7 rats
62 creatures vanquished.

Notes
Turn   | Place    | Note
-------+----------+-------------------------------------------
     0 | D:1      | LabCoat the Hill Orc Fighter began the quest for the Orb.
     0 | D:1      | Reached XP level 1. HP: 19/19 MP: 1/1
   143 | D:1      | Reached XP level 2. HP: 27/27 MP: 2/2
   149 | D:1      | Reached skill level 3 in Axes
   537 | D:1      | Reached XP level 3. HP: 33/33 MP: 3/3
  1147 | D:2      | Reached skill level 4 in Axes
  1224 | D:2      | Reached XP level 4. HP: 32/40 MP: 4/4
  1290 | D:2      | Reached skill level 1 in Throwing
  1336 | D:2      | Noticed Jessica
  1343 | D:2      | Killed Jessica
  1452 | D:2      | Found an iron altar of Okawaru.
  1599 | D:2      | Reached XP level 5. HP: 46/46 MP: 5/5
  1600 | D:2      | Reached skill level 5 in Axes
  1653 | D:2      | Noticed Robin
  1665 | D:2      | Killed Robin
  1913 | D:2      | Noticed Natasha
  1918 | D:2      | Killed Natasha
  2150 | D:2      | Noticed Natasha
  2163 | D:2      | HP: 1/46 [Natasha (7)]
  2163 | D:2      | Killed from afar by a white imp

Levels and vault maps discovered:
D:1:      minmay_arrival_widening_spiral_wide, layout_basic,
          minmay_tree_intersection, st_stairs_3, minmay_bisected
D:2:      minmay_chambers_of_ones, layout_basic, lemuel_round_altar,
          minmay_strange_pillars, uniq_jessica, uniq_natasha, uniq_robin

Skill      XL: |  1  2  3  4  5 |
---------------+----------------+-----
Axes           | 3 4 5 |  5.5
Throwing       | 1 |  1.4
Fighting       | 4 |  4.1
Shields        | 4 |  4.0
Armour         | |  3.7

Action                   |  1- 3 |  4- 6 || total
-------------------------+-------+-------++-------
Melee: War axe           |    84 |    86 ||   170
Throw: Dart              |    34 |    27 ||    61
  Use: Scroll            |       |     3 ||     3
       Potion            |       |     1 ||     1
  Eat: Ration            |     1 |       ||     1
       Chunk             |       |     1 ||     1
Armor: Scale mail        |    28 |    39 ||    67
Dodge: Dodged            |    23 |    23 ||    46
Block: Shield            |    40 |    45 ||    85

Table legend:
 A = Non-vault XP
 B = Vault XP
 C = Vault XP percentage of total XP
 D = Non-vault monster count
 E = Vault monster count
 F = Vault count percentage of total count
                 A         B        C        D         E       F
            +---------+---------+-------+---------+---------+-------
      Total |     131 |     121 |  48.0 |      42 |      20 |  32.3
            +---------+---------+-------+---------+---------+-------
        D:1 |      56 |       9 |  13.8 |      20 |       6 |  23.1
        D:2 |      75 |     112 |  59.9 |      22 |      14 |  38.9
            +---------+---------+-------+---------+---------+-------
